 Dungeon Crawl Stone Soup version 0.31-a0-986-g5e6e4ef867 (webtiles) character file.

Game seed: 1511342673606787885

374 jasper the Changeling (level 6, -1/29 HPs)
             Began as a Spriggan Shapeshifter on Nov 21, 2023.
             Was an Initiate of the Shining One.
             Slain by a killer bee (4 damage)
             ... on level 4 of the Dungeon.
             The game lasted 00:03:24 (1983 turns).

jasper the Changeling (Spriggan Shapeshifter)       Turns: 1983, Time: 00:03:24

Health: -1/29      AC:  2    Str: 12    XL:     6   Next: 43%
Magic:  7/7        EV: 17    Int: 11    God:    the Shining One [......]
Gold:   104        SH:  0    Dex: 15    Spells: 5/5 levels left

rFire   . . .        f - +1 quarterstaff
rCold   . . .        (shield currently unavailable)
rNeg    . . .        a - +0 animal skin
rPois   .            (helmet currently unavailable)
rElec   .            (cloak currently unavailable)
rCorr   .            (gloves unavailable)
SInv    +            (boots unavailable)
Will    +....        (no amulet)
Stlth   +            (no ring)
HPRegen 0.24/turn    (no ring)
MPRegen 0.10/turn

%: no passive effects
@: lethally poisoned (-1 -> -13), beast-form, glowing, very quick
A: beast (slay +4), very small, no large weapons, unfitting armour, see
invisible, speed 3
a: Begin Untransformation, Renounce Religion


You were on level 4 of the Dungeon.
You worshipped the Shining One.
The Shining One was noncommittal.
You were a hulking beast.
You visited 1 branch of the dungeon, and saw 4 of its levels.

You collected 104 gold pieces.

Inventory:

Hand Weapons
 f - a +1 quarterstaff (weapon)
 k - a +0 sling
Armour
 a - a +0 animal skin (worn)
Jewellery
 g - a +5 ring of evasion
Talismans
 c - a beast talisman
 d - a flux talisman
Scrolls
 h - 2 scrolls of amnesia
 n - a scroll of identify


   Skills:
 - Level 0.7 Fighting
 + Level 4.4 Ranged Weapons
 - Level 2.6 Dodging
 - Level 2.4 Unarmed Combat
 - Level 7.0 Shapeshifting


You had 5 spell levels left.
You didn't know any spells.
Your spell library contained the following spells:

 Spells                   Type           Power      Damage    Failure   Level
 Tukima's Dance           Hex            0%         N/A       71%         3
 Passage of Golubria      Tloc           0%         N/A       98%         4
 Yara's Violent Unravell  Hex/Tmut       0%         3d3       100%        5


Dungeon Overview and Level Annotations

Branches:
Dungeon (4/15)
 Temple: D:4-7

Altars:
Vehumet
The Shining One

Annotations:
D:2 Natasha, Terence


Innate Abilities, Weirdness & Mutations

You are a hulking beast.
Your limbs bulge with bestial killing power. (Slay +4)
You are very small and have problems with some larger weapons.
You are too small for most types of armour.
You have supernaturally acute eyesight. (SInv)
You cover ground extremely quickly. (Speed+++)


Message History

Press: ? - help, Shift-Dir - straight line, f/p - killer bee
Aim: a killer bee (moderately wounded, haloed, 58% to hit)
The puff of flame hits the killer bee.
The killer bee is heavily wounded.
The killer bee misses you. The killer bee closely misses you.
Aiming: Throw Flame
Press: ? - help, Shift-Dir - straight line, f/p - killer bee
Aim: a killer bee (heavily wounded, haloed, 58% to hit)
The puff of flame misses the killer bee.
The now-empty wand crumbles to dust.
The killer bee misses you. The killer bee stings you!
You are poisoned.
The killer bee poisons you!
You take 9 damage, and have 20/29 hp.
MASSIVE DAMAGE!!
Fire: k) +0 sling
Press: ? - help, Q - select action Shift-Dir - straight line, f/p - killer bee
Aim: a killer bee (heavily wounded, haloed, 53% to hit)
You shoot a sling bullet. The sling bullet hits the killer bee.
The killer bee is severely wounded.
You feel sick. The killer bee barely misses you.
The killer bee stings you but does no damage.
You take 2 damage, and have 18/29 hp.
f - a +1 quarterstaff (weapon)
You feel sick. The killer bee completely misses you.
The killer bee closely misses you.
You miss the killer bee.
You feel sick. The killer bee misses you. x3
The killer bee stings you but does no damage.
The killer bee stings you!
You take 9 damage, and have 9/29 hp.
MASSIVE DAMAGE!!
You sock the killer bee!
The killer bee is heavily wounded.
You feel sick. The killer bee closely misses you. The killer bee misses you.
The killer bee completely misses you. The killer bee stings you.
* * * LOW HITPOINT WARNING * * *
The killer bee stings you.
* * * LOW HITPOINT WARNING * * *
You are lethally poisoned!
The killer bee poisons you! The killer bee misses you. x2
The killer bee stings you.
You die...

#........+.)........
#........#.)........
+........#..........
#...........[.......
###...#...#...#...#+
#.#...#.#.#...#...
#..###.....###....
#..# #.....# ....
#yh##+.....'#
#y#y..#####..
#.....#..(#.#
#..#..'..$#
#.....#..$# #.#..†#
### #..##+. ##. ..
.. ...


You could see 3 killer bees.

Vanquished Creatures
  A black bear (D:4)
  A scorpion (D:4)
  An orc priest (D:3)
  2 iguanas (D:4)
  5 adders
  A white imp (D:3)
  A worm (D:3)
  4 dart slugs
  6 orcs
  4 endoplasms
  6 giant cockroaches
  6 goblins
  6 hobgoblins
  4 jackals (D:3)
  2 quokkas
  2 ball pythons
  6 bats
  A frilled lizard (D:1)
  4 hobgoblin zombies (D:3)
  4 kobolds (D:1)
  3 kobold skeletons (D:3)
  A kobold zombie (D:3)
  An orc skeleton (D:3)
  6 rats
78 creatures vanquished.

Notes
Turn   | Place    | Note
-------+----------+-------------------------------------------
     0 | D:1      | jasper the Spriggan Shapeshifter began the quest for the
                  | Orb.
     0 | D:1      | Reached XP level 1. HP: 9/9 MP: 2/2
    74 | D:1      | Reached XP level 2. HP: 14/14 MP: 3/3
   186 | D:1      | Reached skill level 5 in Shapeshifting
   519 | D:2      | Reached XP level 3. HP: 13/17 MP: 4/4
   866 | D:2      | Noticed Natasha
   867 | D:2      | Noticed Terence
   904 | D:3      | Found a radiant altar of Vehumet.
  1058 | D:3      | Reached skill level 6 in Shapeshifting
  1062 | D:3      | Reached XP level 4. HP: 21/21 MP: 5/5
  1460 | D:3      | Found a glowing golden altar of the Shining One.
  1466 | D:3      | Became a worshipper of the Shining One
  1471 | D:3      | Reached skill level 1 in Ranged Weapons
  1644 | D:3      | Reached XP level 5. HP: 25/25 MP: 6/6
  1650 | D:3      | Reached skill level 7 in Shapeshifting
  1871 | D:4      | Noticed a black bear
  1892 | D:4      | Reached XP level 6. HP: 29/29 MP: 7/7
  1983 | D:4      | Slain by a killer bee

Illustrated notes

Levels and vault maps discovered:
D:1:      sevenhm_arrival_forest_fort_small_6, layout_rooms
D:2:      layout_loops_ring, basic_altar, grunt_decor_one_mirror, uniq_natasha,
          uniq_terence
D:3:      layout_loops_corners, nicolae_tso_besieged_by_evil,
          vehumet_altar_wand_db, nicolae_eternal_life, grunt_ministairs_8
D:4:      layout_gridville, minmay_fractal_squares_diagonal_5, uniq_eustachio

Skill      XL: |  1  2  3  4  5  6 |
---------------+-------------------+-----
Shapeshifting  | 5 6 7 |  7.0
Ranged Weapons | 1 3 4 |  4.4
Fighting       | |  0.7
Dodging        | |  2.6
Unarmed Combat | |  2.4

Action                     |  1- 3 |  4- 6 || total
---------------------------+-------+-------++-------
  Melee: Unarmed           |    19 |    14 ||    33
         Quarterstaff      |    58 |     2 ||    60
   Fire: Sling             |     9 |   106 ||   115
  Evoke: Wand              |       |     3 ||     3
    Use: Scroll            |     2 |     5 ||     7
         Potion            |       |     3 ||     3
 Armour: Animal skin       |    32 |    32 ||    64
         Skin              |       |    15 ||    15
  Dodge: Dodged            |    59 |    83 ||   142

Table legend: (Time is in decaauts)
 A = Elapsed time spent in this place.
 B = Non-inter-level travel time spent in this place.
 C = Inter-level travel time spent in this place.
 D = Time resting spent in this place.
 E = Time spent auto-exploring this place.
 F = Levels seen in this place.
 G = Mean time per level.
                   A        B        C        D        E       F      G
               +--------+--------+--------+--------+--------+-----+--------+
         Total |   1444 |   1404 |     40 |     18 |    933 |   4 |  361.0 |
       Dungeon |   1444 |   1404 |     40 |     18 |    933 |   4 |  361.0 |
               +--------+--------+--------+--------+--------+-----+--------+

Top non-repeatable levels by time:
     D:3: 655 daAuts
     D:1: 343 daAuts
     D:2: 299 daAuts
     D:4: 146 daAuts
